[Event "Titled Tuesday Blitz April 11 Early 2023"]
[White "Gold_Ocean"]
[Black "Reefat, Bin-Sattar"]
[BlackFideId "10200207"]
[WhiteElo "2583"]
[BlackElo "2462"]
[Result "1-0"]
[Round "06"]
[TimeControl "180+2"]
[Date "2023.04.11"]
[WhiteClock "0:00:06"]
[BlackClock "0:00:11"]

1. Nf3 d5 2. d4 Nf6 3. e3 c5 4. c3 Nc6 5. Nbd2 Bg4 6. Be2 e6 7. O-O Bd6 8. b3 O-O 9. Bb2 Qc7 10. h3 Bh5 11. Rc1 e5 12. dxe5 Nxe5 13. c4 dxc4 14. Nxc4 Nxc4 15. Rxc4 Rad8 16. Qa1 Be7 17. Rfc1 Rd5 18. Rf4 Rfd8 19. Bc4 Bxf3 20. Rxf3 Rd2 21. Bc3 R2d7 22. Rg3 Kf8 23. e4 Qc6 24. Re3 b5 25. Be2 a6 26. Bf3 Qb6 27. Ree1 g6 28. e5 Nd5 29. Bd2 Nc7 30. Bh6+ Kg8 31. e6 Rd4 32. exf7+ Kxf7 33. Rxe7+ Kxe7 34. Bg5+ Kf7 35. Bxd8 Rxd8 36. Qe5 Qd6 37. Qxc5 Qxc5 38. Rxc5 Ne6 39. Rc6 Rd2 40. Rxa6 Nd4 41. Bd5+ Ke7 42. Be4 b4 43. g3 Ne2+ 44. Kg2 Nc3 45. Bf3 Rxa2 46. Rxa2 Nxa2 47. Bd5 Nc3 48. Bc4 Ne4 49. Kf3 Nd2+ 50. Ke3 Nxc4+ 51. bxc4 Kd6 52. Kd4 Kc6 53. f4 Kd6 54. g4 Kc6 55. f5 gxf5 56. gxf5 Kd6 57. c5+ Ke7 58. c6 1-0


[Site "https://www.chess.com"]

[Event "Titled Tuesday Blitz April 11 Early 2023"]
[White "Petre, Nad-Titus"]
[Black "Yeritsyan, Hayk"]
[WhiteFideId "1204165"]
[BlackFideId "13307320"]
[WhiteElo "2354"]
[BlackElo "2422"]
[Result "1-0"]
[Round "06"]
[TimeControl "180+2"]
[Date "2023.04.11"]
[WhiteClock "0:00:48"]
[BlackClock "0:00:16"]

1. e4 c6 2. d4 d5 3. exd5 cxd5 4. Bd3 Nf6 5. Bf4 Bg4 6. Ne2 Nc6 7. c3 e6 8. O-O Bd6 9. f3 Bh5 10. Qe1 Bxf4 11. Nxf4 O-O 12. Nd2 Bg6 13. a4 Bxd3 14. Nxd3 Qc7 15. Qe2 Rfc8 16. g4 Na5 17. g5 Nd7 18. f4 g6 19. h4 Nc4 20. Nb3 Nd6 21. Kg2 Nf5 22. Rh1 Nb6 23. Nbc5 Nc4 24. Ne5 Nxe5 25. fxe5 b6 26. Nd3 Qe7 27. Rh3 Rc7 28. Nf2 h5 29. gxh6 Nxh4+ 30. Kh2 Nf5 31. Ng4 Qg5 32. Rg1 Qf4+ 33. Kh1 Rc4 34. Rf3 Qe4 35. Nf6+ Kh8 36. Nxe4 dxe4 37. Qxe4 Rac8 38. Rxf5 gxf5 39. Qh4 1-0


[Site "https://www.chess.com"]

[Event "Titled Tuesday Blitz April 11 Early 2023"]
[White "Melian, Juan Sebastian"]
[Black "Shukhman, Anna"]
[WhiteFideId "3706575"]
[BlackFideId "54180058"]
[WhiteElo "2035"]
[BlackElo "2125"]
[Result "0-1"]
[Round "06"]
[TimeControl "180+2"]
[Date "2023.04.11"]
[WhiteClock "0:00:06"]
[BlackClock "0:00:12"]

1. Nf3 Nf6 2. d4 d5 3. c4 e6 4. Nc3 dxc4 5. e3 c5 6. Bxc4 Nc6 7. O-O Bd6 8. d5 exd5 9. Nxd5 Nxd5 10. Qxd5 O-O 11. Qh5 Qf6 12. Ng5 Bf5 13. a3 Ne5 14. Be2 h6 15. f4 hxg5 16. fxe5 Qxe5 17. Bd2 Bg6 18. Qh3 Rfe8 19. Rfe1 Rad8 20. Bf3 Bf5 21. Qh5 Qxh2+ 22. Qxh2 Bxh2+ 23. Kxh2 Rxd2 24. b4 c4 25. Bxb7 c3 26. Rac1 c2 27. e4 Bg4 28. Kg3 Bd1 29. Re3 Red8 30. Bd5 R8xd5 31. exd5 f5 32. Re5 f4+ 33. Kh2 g4 34. Kg1 f3 35. gxf3 gxf3 36. Rg5 f2+ 37. Kf1 Bf3 38. d6 Rd1+ 39. Kxf2 Rxc1 40. Rc5 Bg4 41. Ke3 Kf7 42. Kd2 Rd1+ 43. Kxc2 Rxd6 44. Kb3 Be6+ 45. Ka4 Kf6 46. b5 g5 47. Rc7 Rd7 48. Rc1 g4 49. Rg1 Kg5 50. Kb4 Kf4 51. a4 g3 52. a5 Kf3 53. Kc5 Kf2 54. Rxg3 Kxg3 55. Kc6 Rd1 56. b6 axb6 57. axb6 Bd5+ 0-1


[Site "https://www.chess.com"]

[Event "Titled Tuesday Blitz April 11 Early 2023"]
[White "Gracia Alvarez, Gerardo Antonio"]
[Black "Eynullayev, Atilla"]
[WhiteFideId "5109124"]
[BlackFideId "13413570"]
[WhiteElo "2160"]
[BlackElo "2181"]
[Result "0-1"]
[Round "06"]
[TimeControl "180+2"]
[Date "2023.04.11"]
[WhiteClock "0:00:01"]
[BlackClock "0:00:06"]

1. e4 c5 2. Nf3 e6 3. g3 d5 4. exd5 exd5 5. Bg2 Qe7+ 6. Kf1 Nf6 7. h3 Nc6 8. d4 Bf5 9. Nc3 O-O-O 10. a3 Qc7 11. Bf4 Qb6 12. b4 cxd4 13. Ne2 Be4 14. Nfxd4 Nh5 15. Be3 Ne5 16. Nc3 Qg6 17. Qe2 f5 18. Nxe4 fxe4 19. g4 Nf6 20. Nf5 Qe8 21. Bxa7 g6 22. Nd4 Bg7 23. Bb6 Rd6 24. Bc5 Rd8 25. Nb5 Qe6 26. Nd6+ Rxd6 27. Bxd6 Qxd6 28. Kg1 Rf8 29. Rd1 h5 30. g5 Nfd7 31. h4 Kb8 32. Rh3 Qe7 33. Rxd5 Nb6 34. Rc5 Ned7 35. Rb5 Bd4 0-1


[Site "https://www.chess.com"]

[Event "Titled Tuesday Blitz April 11 Early 2023"]
[White "Tarasova, Viktoriya"]
[Black "Ahn, Hongjin"]
[WhiteFideId "4175840"]
[BlackFideId "13201492"]
[WhiteElo "2182"]
[BlackElo "2182"]
[Result "0-1"]
[Round "06"]
[TimeControl "180+2"]
[Date "2023.04.11"]
[WhiteClock "0:00:04"]
[BlackClock "0:00:06"]

1. d4 c5 2. d5 e5 3. Nc3 d6 4. e4 a6 5. a4 Be7 6. Nf3 Bg4 7. Be2 Bxf3 8. Bxf3 Bg5 9. O-O Nh6 10. Qe2 O-O 11. Ra3 Nd7 12. Rb3 b6 13. Bg4 Bxc1 14. Bxd7 Qxd7 15. Rxc1 Qc7 16. f3 f5 17. exf5 Nxf5 18. Ne4 Nd4 19. Qe3 Nxb3 20. cxb3 Qd7 21. Ng5 Rae8 22. Qd3 Qf5 23. Ne4 Qg6 24. Rf1 Ra8 25. Qe2 Rfb8 26. Ra1 Qh6 27. h3 Rd8 28. Qd3 Qf4 29. g3 Qf5 30. Kg2 Qg6 31. h4 h6 32. Rh1 b5 33. axb5 axb5 34. Qxb5 Rab8 35. Qd3 Rb4 36. Rc1 Rdb8 37. Rc3 Rd4 38. Qe2 Qf5 39. Re3 Rd8 40. Nc3 Qf7 41. Re4 Rb8 42. Qc2 Qc7 43. h5 Rbb4 44. Re2 Rb8 45. Re1 Rdb4 46. Ne4 Rxb3 47. Re2 Qd7 48. Qb1 Qe7 49. Qc2 Qf7 50. Qb1 Qxd5 51. Nf6+ gxf6 52. Qg6+ Kf8 53. Qxh6+ Ke7 54. Qg7+ Qf7 55. Qh6 Rxb2 0-1


[Site "https://www.chess.com"]

[Event "Titled Tuesday Blitz April 11 Early 2023"]
[White "Budrewicz, Krzysztof"]
[Black "Van Osch, Mees"]
[WhiteFideId "1127950"]
[BlackFideId "1035967"]
[WhiteElo "2230"]
[BlackElo "2324"]
[Result "1-0"]
[Round "06"]
[TimeControl "180+2"]
[Date "2023.04.11"]
[WhiteClock "0:01:00"]
[BlackClock "0:00:06"]

1. d4 d6 2. c4 e5 3. Nf3 e4 4. Nfd2 f5 5. Nc3 Nf6 6. Nb3 g6 7. Bg5 Bg7 8. Qd2 a5 9. d5 Nbd7 10. h4 h6 11. Bf4 Nh5 12. g3 Ne5 13. Bxe5 Bxe5 14. e3 a4 15. Nd4 a3 16. b3 Bd7 17. Be2 Nf6 18. O-O-O Qe7 19. Kb1 h5 20. Rc1 c5 21. dxc6 bxc6 22. Rhd1 O-O 23. c5 d5 24. Na4 Rfb8 25. Nb6 Ra7 26. Rc2 Rab7 27. Rdc1 Ne8 28. Rc3 Nc7 29. Kc2 Ne6 30. b4 Rxb6 31. cxb6 Rxb6 32. Kd1 Rxb4 33. Ke1 Bxd4 34. exd4 Nxd4 35. Rxa3 Nf3+ 36. Bxf3 exf3+ 37. Re3 Re4 38. Kf1 Qd6 39. Rxf3 c5 40. Re3 Bb5+ 41. Kg1 Bc4 42. Rxe4 fxe4 43. Rxc4 Qe5 44. Rxc5 Qa1+ 45. Kg2 Qf6 46. Qf4 Qb6 47. Rxd5 1-0


[Site "https://www.chess.com"]

[Event "Titled Tuesday Blitz April 11 Early 2023"]
[White "Gheorghiu, Calin"]
[Black "Francisco Guecamburu, Candela Be"]
[WhiteFideId "1200305"]
[BlackFideId "160911"]
[WhiteElo "2223"]
[BlackElo "2326"]
[Result "0-1"]
[Round "06"]
[TimeControl "180+2"]
[Date "2023.04.11"]
[WhiteClock "0:00:51"]
[BlackClock "0:01:24"]

1. e4 c5 2. Nf3 g6 3. h4 h5 4. d4 cxd4 5. Qxd4 Nf6 6. e5 Nc6 7. Qa4 Nd5 8. Qe4 Ndb4 9. Bb5 a6 10. Bxc6 Nxc6 11. Nc3 Bg7 12. Bg5 O-O 13. O-O-O Qa5 14. Rd5 Qb6 15. Be3 Qb4 16. Qd3 b5 17. Ne4 Qa4 18. a3 Nb4 19. axb4 Qa1+ 20. Kd2 Qxh1 21. g4 Qxf3 22. Ng5 Qxg4 23. Rd4 Qf5 24. Qe2 Bxe5 25. Re4 Bb7 0-1


[Site "https://www.chess.com"]

[Event "Titled Tuesday Blitz April 11 Early 2023"]
[White "Karamsetty, Jeevan"]
[Black "Manon-og, Ramon Jr."]
[WhiteFideId "2025337"]
[BlackFideId "5200776"]
[WhiteElo "2111"]
[BlackElo "2395"]
[Result "1/2-1/2"]
[Round "06"]
[TimeControl "180+2"]
[Date "2023.04.11"]
[WhiteClock "0:00:07"]
[BlackClock "0:00:33"]

1. e4 c5 2. Nc3 d6 3. f4 g6 4. Nf3 Bg7 5. Bb5+ Nd7 6. d3 e6 7. a4 Nf6 8. O-O O-O 9. Qe1 a6 10. Bc4 Rb8 11. e5 dxe5 12. fxe5 Ng4 13. Bf4 Qc7 14. Ne4 Ngxe5 15. Nxe5 Nxe5 16. Qg3 b5 17. axb5 axb5 18. Ba2 Bd7 19. Rae1 Ra8 20. Bb1 f6 21. Nxf6+ Rxf6 22. Bxe5 Rxf1+ 23. Kxf1 Bxe5 24. Qxe5 Qxe5 25. Rxe5 Ra1 26. Re1 Kf7 27. c3 Bc6 28. Kf2 Bd5 29. d4 Kf6 30. dxc5 g5 31. b4 Ra3 32. Re3 Rb3 33. Bxh7 Rb2+ 34. Re2 Rb3 35. Rc2 Ra3 36. Bd3 Bc6 37. Bf1 Be4 38. Rc1 Ra2+ 39. Kg3 Bc6 40. h3 Kf5 41. Re1 e5 42. Re2 Ra3 43. Re3 e4 44. Be2 Ra2 45. Kf2 Kf4 46. g3+ Ke5 47. h4 gxh4 48. gxh4 Be8 49. Rg3 Rc2 50. Rg5+ Kf4 51. Rg4+ Kf5 52. Rg3 Kf4 53. Rg4+ Kf5 54. Rg8 Bf7 55. Rg5+ Kf4 56. Rg4+ Kf5 57. Rg3 Kf4 58. Rg4+ Kf5 59. Rg3 Kf4 60. Rg4+ 1/2-1/2


[Site "https://www.chess.com"]

[Event "Titled Tuesday Blitz April 11 Early 2023"]
[White "Lehtosaari, Mauri"]
[Black "Mika, Tomasz"]
[WhiteFideId "501999"]
[BlackFideId "1132970"]
[WhiteElo "2522"]
[BlackElo "2179"]
[Result "0-1"]
[Round "06"]
[TimeControl "180+2"]
[Date "2023.04.11"]
[WhiteClock "0:00:01"]
[BlackClock "0:00:03"]

1. d4 b6 2. e4 Bb7 3. Bd3 g6 4. c3 Bg7 5. Nf3 d6 6. Bg5 Nd7 7. Nbd2 c5 8. h3 h6 9. Bh4 Ngf6 10. Qe2 Nh5 11. Qe3 g5 12. Bg3 Nxg3 13. fxg3 e6 14. O-O Qe7 15. a4 a6 16. Nc4 cxd4 17. cxd4 d5 18. exd5 Bxd5 19. Nfe5 Nxe5 20. Nxe5 O-O 21. Be4 Rad8 22. Rad1 Bxe4 23. Qxe4 Rd5 24. Kh2 Qb4 25. Nc6 Qd6 26. Rc1 f5 27. Qe2 Kh7 28. Qxa6 f4 29. Qd3+ Kh8 30. Kh1 Rc8 31. Ne5 Rxc1 32. Nf7+ Kg8 33. Nxd6 Rxf1+ 34. Qxf1 Rxd6 35. gxf4 Rxd4 36. fxg5 hxg5 37. Qe2 Kf7 38. g3 Ke7 39. Qb5 Rd6 40. Qxg5+ Bf6 41. Qg6 Rd1+ 42. Kg2 Rd2+ 43. Kf3 Rxb2 44. Qh7+ Kd6 45. Qb7 Be5 46. Qb8+ Kd5 47. Qd8+ Kc6 48. Qe8+ Kd6 49. Qf8+ Kd5 50. Qa8+ Kd6 51. g4 Rb3+ 52. Ke4 Rb4+ 53. Kd3 Rb3+ 54. Kc4 Rxh3 0-1


[Site "https://www.chess.com"]

[Event "Titled Tuesday Blitz April 11 Early 2023"]
[White "Forgacs, Attila Jr."]
[Black "ArtemDyachuk"]
[WhiteFideId "773654"]
[WhiteElo "2168"]
[BlackElo "2394"]
[Result "0-1"]
[Round "06"]
[TimeControl "180+2"]
[Date "2023.04.11"]
[WhiteClock "0:00:05"]
[BlackClock "0:00:22"]

1. e4 c6 2. d4 d5 3. Nd2 dxe4 4. Nxe4 Nf6 5. Nxf6+ exf6 6. c3 Bd6 7. Bd3 O-O 8. Qc2 Re8+ 9. Ne2 g6 10. h4 Nd7 11. h5 f5 12. Bh6 Nf6 13. hxg6 fxg6 14. O-O-O Be6 15. Kb1 Ng4 16. Rdf1 Nxh6 17. Rxh6 Bf8 18. Rh2 Bg7 19. Rfh1 h6 20. Nf4 Bf7 21. g4 Qg5 22. Nxg6 Qxg6 23. gxf5 Qd6 24. Rg2 Qd5 25. Rhg1 Qxg2 26. Rxg2 Re1+ 27. Qc1 Bxa2+ 28. Kc2 Rxc1+ 29. Kxc1 Bd5 30. Rg6 Kf7 31. c4 Bf3 32. Rg3 Bh5 33. Rh3 Bg4 34. Rg3 h5 35. f3 Bh6+ 36. Kd1 Bf4 37. Rg1 Bxf3+ 38. Kc2 Rg8 39. Rf1 Rg2+ 40. Kc3 Rg3 41. b4 h4 42. b5 h3 43. bxc6 bxc6 44. d5 cxd5 45. cxd5 Bxd5 46. Rxf4 h2 47. Rh4 h1=Q 48. Rxh1 Bxh1 49. Kd4 Kf6 50. Be4 Rg4 51. Kd5 Rxe4 52. Kd6 Re7 53. Kc5 a5 54. Kb5 Ra7 55. Ka4 Ra8 56. Kb5 Kxf5 57. Ka4 Ke4 58. Ka3 Kd3 59. Kb3 a4+ 60. Ka3 Kc3 61. Ka2 a3 62. Ka1 Bd5 63. Kb1 Rg8 64. Kc1 Rg1# 0-1


[Site "https://www.chess.com"]

[Event "Titled Tuesday Blitz April 11 Early 2023"]
[White "Garv Gaur"]
[Black "Koridze, Lile"]
[WhiteFideId "45030839"]
[BlackFideId "13612514"]
[WhiteElo "2068"]
[BlackElo "2047"]
[Result "1/2-1/2"]
[Round "06"]
[TimeControl "180+2"]
[Date "2023.04.11"]
[WhiteClock "0:00:03"]
[BlackClock "0:00:03"]

1. Nf3 Nf6 2. c4 d5 3. cxd5 Nxd5 4. e4 Nb6 5. Nc3 c5 6. Be2 Nc6 7. O-O e6 8. a4 a6 9. b3 Be7 10. Bb2 O-O 11. d3 e5 12. a5 Nd7 13. Nd5 Bd6 14. Qd2 h6 15. Rfc1 Nf6 16. Ne3 Be6 17. Nh4 Bxb3 18. Nhf5 Be6 19. Nxd6 Qxd6 20. Ba3 Nb4 21. Nc4 Bxc4 22. Rxc4 Rfd8 23. Bxb4 cxb4 24. Rb1 Rac8 25. Rcxb4 Rc5 26. Rb6 Qd4 27. Qa2 Rdc8 28. Rxb7 Rf8 29. g3 Qc3 30. R7b4 Nh7 31. Kg2 Ng5 32. R1b3 Qe1 33. Rb1 Qc3 34. Rc4 Rxc4 35. Qxc4 Qxa5 36. Rb2 Ne6 37. Ra2 Qe1 38. Bh5 a5 39. Rb2 Nd8 40. Rb8 Qd2 41. Qd5 Ne6 42. Bxf7+ Kxf7 43. Qd7+ Kg6 44. Qxe6+ Rf6 45. Qe8+ Kh7 46. Qg8+ Kg6 47. Qe8+ Kh7 48. Qh8+ Kg6 49. Qe8+ 1/2-1/2


[Site "https://www.chess.com"]

[Event "Titled Tuesday Blitz April 11 Early 2023"]
[White "Mbonu, David"]
[Black "Mortazavi, Ali"]
[WhiteFideId "30927420"]
[BlackFideId "401323"]
[WhiteElo "2380"]
[BlackElo "2339"]
[Result "0-1"]
[Round "06"]
[TimeControl "180+2"]
[Date "2023.04.11"]
[WhiteClock "0:01:54"]
[BlackClock "0:01:20"]

1. e4 c6 2. d4 d5 3. exd5 cxd5 4. Bd3 Nc6 5. c3 Qc7 6. h3 g6 7. Nf3 Bf5 8. O-O Nf6 9. Re1 e6 10. Ne5 Bg7 11. Na3 a6 12. Bf1 h5 13. Bf4 Qc8 14. Nc2 Bxc2 15. Qxc2 Nxd4 16. Qa4+ Nc6 17. Nxc6 Qxc6 18. Qa3 Bf8 19. Qb3 Be7 20. Be5 O-O 21. Qc2 Nd7 22. Bd4 Bf6 23. Qd2 Bxd4 24. Qxd4 Rad8 25. Rad1 Rfe8 26. Qh4 e5 27. g4 hxg4 28. hxg4 Nf8 29. Bg2 Ne6 30. Re3 Nf4 31. Rh3 Nxh3+ 0-1


[Site "https://www.chess.com"]

[Event "Titled Tuesday Blitz April 11 Early 2023"]
[White "Buscar, Michael"]
[Black "Borrmann, Laurenz"]
[WhiteFideId "2603616"]
[BlackFideId "312187930"]
[WhiteElo "2010"]
[BlackElo "2312"]
[Result "0-1"]
[Round "06"]
[TimeControl "180+2"]
[Date "2023.04.11"]
[WhiteClock "0:00:03"]
[BlackClock "0:00:06"]

1. d4 Nf6 2. c4 e6 3. Nf3 d5 4. h3 c5 5. Bg5 dxc4 6. e4 cxd4 7. e5 h6 8. exf6 hxg5 9. fxg7 Bxg7 10. Bxc4 g4 11. Nfd2 gxh3 12. Rxh3 Rxh3 13. gxh3 Nc6 14. Na3 Qe7 15. Qg4 Bf6 16. Nb5 Kf8 17. O-O-O a6 18. Rg1 Qc5 19. Nc7 Bd7 20. Nxa8 Ne5 21. Qg8+ Ke7 22. b3 Qa3+ 23. Kb1 d3 24. Bxd3 Nxd3 25. Nc4 Qc5 26. Rd1 Qf5 27. Ne3 Qe4 28. Nb6 Nxf2+ 29. Kc1 Qxe3+ 30. Rd2 Qc3+ 31. Rc2 Qa1+ 32. Kd2 Qd4+ 33. Ke2 Ne4 34. Nc4 Qf2+ 35. Kd3 Qf3+ 36. Ne3 Bb5+ 37. Rc4 Bxc4+ 38. bxc4 Nc5+ 39. Kd2 Qf2+ 40. Kd1 Qxe3 41. Qb8 Qd3+ 42. Ke1 Bh4+ 0-1


[Site "https://www.chess.com"]

[Event "Titled Tuesday Blitz April 11 Early 2023"]
[White "tetrix83"]
[Black "Mogirzan, Matei-Valeriu"]
[BlackFideId "1257455"]
[WhiteElo "2518"]
[BlackElo "1733"]
[Result "0-1"]
[Round "06"]
[TimeControl "180+2"]
[Date "2023.04.11"]
[WhiteClock "0:00:04"]
[BlackClock "0:00:05"]

1. e4 e5 2. Nf3 f5 3. exf5 Nc6 4. d4 e4 5. d5 exf3 6. dxc6 bxc6 7. Qxf3 Nf6 8. Bd3 Be7 9. O-O O-O 10. Nc3 d5 11. Ne2 c5 12. c4 c6 13. Nf4 Ne4 14. Bxe4 dxe4 15. Qxe4 Bxf5 16. Qxc6 Kh8 17. Ne6 Bxe6 18. Qxe6 Rf6 19. Qe4 Rd6 20. Be3 Rc8 21. b3 Bf6 22. Rac1 Qd7 23. g3 Re8 24. Qf3 Qc8 25. Rcd1 Rc6 26. Rd5 Be7 27. Rfd1 Rf6 28. Qe4 Bf8 29. Qh4 h6 30. Bg5 Rf7 31. Rd8 Rxd8 32. Rxd8 Qf5 33. Be3 Qf3 34. Bxc5 Kh7 35. Be3 Be7 36. Qd4 Bxd8 37. Qxd8 Qf5 38. Qd2 Qb1+ 39. Kg2 Qe4+ 40. Kg1 Qf3 41. h4 Qg4 42. c5 Rd7 43. Qc2+ Kg8 44. Kg2 Qe6 45. c6 Rc7 46. Qd3 Qxc6+ 47. Kh2 Rd7 48. Qf5 Rd1 49. f3 Re1 50. Bf4 Re2+ 51. Kh3 Qe6 52. Qxe6+ Rxe6 53. Kg4 Ra6 54. a4 Rb6 55. Be3 Rxb3 56. Bxa7 Rb4+ 57. f4 Rxa4 58. Bb8 Kf7 59. h5 Kf6 60. Be5+ Kf7 61. Kf5 Ra2 62. g4 Rf2 63. Bd4 Rh2 64. g5 Rxh5 0-1


[Site "https://www.chess.com"]

[Event "Titled Tuesday Blitz April 11 Early 2023"]
[White "Novikova, Galina"]
[Black "Krishnan, Varun"]
[WhiteFideId "4157095"]
[BlackFideId "5054508"]
[WhiteElo "1953"]
[BlackElo "2515"]
[Result "0-1"]
[Round "06"]
[TimeControl "180+2"]
[Date "2023.04.11"]
[WhiteClock "0:00:35"]
[BlackClock "0:01:02"]

1. e4 e5 2. Nf3 Nc6 3. d4 exd4 4. Nxd4 Nf6 5. Nxc6 bxc6 6. Qe2 Bc5 7. Nc3 O-O 8. Bg5 h6 9. Bh4 Re8 10. O-O-O Qe7 11. f3 Rb8 12. g4 Bb4 13. Be1 d5 14. exd5 Bxc3 15. Bxc3 Qxe2 16. Bxe2 Rxe2 17. h4 Nxd5 18. Bd4 Be6 19. a3 a5 20. g5 h5 21. g6 fxg6 22. Rhg1 Kf7 23. f4 Bf5 24. Rd2 Rxd2 25. Kxd2 Nf6 26. Be5 Ne4+ 27. Kc1 Nd6 28. b3 c5 29. Kb2 Nc4+ 30. Kc3 Nxe5 31. fxe5 Re8 32. Re1 g5 33. hxg5 h4 34. Re2 Kg6 35. Kc4 h3 36. Kxc5 Kxg5 37. Kb5 Kf4 38. Kxa5 Rxe5+ 39. Rxe5 Kxe5 0-1


[Site "https://www.chess.com"]

[Event "Titled Tuesday Blitz April 11 Early 2023"]
[White "Smith, Garrett L"]
[Black "Dobre, Claudiu-Cristian"]
[WhiteFideId "2024829"]
[BlackFideId "1211854"]
[WhiteElo "2329"]
[BlackElo "2207"]
[Result "0-1"]
[Round "06"]
[TimeControl "180+2"]
[Date "2023.04.11"]
[WhiteClock "0:00:59"]
[BlackClock "0:01:05"]

1. e4 Nc6 2. d4 d5 3. Nc3 dxe4 4. d5 Nb8 5. Nxe4 c6 6. dxc6 Qxd1+ 7. Kxd1 Nxc6 8. c3 Bf5 9. Bd3 e6 10. Bf4 Rd8 11. Ke2 h6 12. Nf3 g5 13. Be5 Nxe5 14. Nxe5 a6 15. h4 Bg7 16. Nc4 Ke7 17. hxg5 hxg5 18. Rxh8 Bxh8 19. Ne3 Bg6 20. f3 Nf6 21. Rh1 Nh5 22. Rh3 Nf4+ 0-1


[Site "https://www.chess.com"]

[Event "Titled Tuesday Blitz April 11 Early 2023"]
[White "Sreyas Payyappat"]
[Black "Biriukov, Ilja"]
[WhiteFideId "46674969"]
[BlackFideId "4113373"]
[WhiteElo "2083"]
[BlackElo "2426"]
[Result "1-0"]
[Round "06"]
[TimeControl "180+2"]
[Date "2023.04.11"]
[WhiteClock "0:01:40"]
[BlackClock "0:01:00"]

1. e4 c5 2. Nf3 d6 3. d4 cxd4 4. Nxd4 Nf6 5. Nc3 a6 6. h4 e5 7. Nb3 Be6 8. f4 exf4 9. Bxf4 Nc6 10. Qd2 Qc7 11. O-O-O Ne5 12. Qe3 Be7 13. Be2 h5 14. Qg3 g6 15. Nd4 Bg4 16. Bxg4 Nexg4 17. Nf3 Ne5 18. Nxe5 dxe5 19. Bxe5 Qc6 20. Bxf6 Bxf6 21. Rd6 1-0


[Site "https://www.chess.com"]

[Event "Titled Tuesday Blitz April 11 Early 2023"]
[White "Goffredo_Fofi"]
[Black "MunichMouse"]
[WhiteElo "2507"]
[BlackElo "2309"]
[Result "1-0"]
[Round "06"]
[TimeControl "180+2"]
[Date "2023.04.11"]
[WhiteClock "0:00:17"]
[BlackClock "0:00:03"]

1. d4 Nf6 2. Nf3 g6 3. c4 Bg7 4. Nc3 d6 5. e4 O-O 6. Be2 e5 7. d5 Ne8 8. h4 h6 9. h5 g5 10. Nh2 f5 11. exf5 Bxf5 12. Ng4 Nd7 13. Ne3 Bh7 14. Bd3 Bxd3 15. Qxd3 Nc5 16. Qc2 a5 17. Ne4 Nxe4 18. Qxe4 Qf6 19. O-O Qf4 20. f3 Qxe4 21. fxe4 Nf6 22. Nf5 Nxe4 23. Be3 Nf6 24. Ng3 Ng4 25. Rfe1 Nxe3 26. Rxe3 Rf4 27. b3 Raf8 28. Rc1 b6 29. Rce1 a4 30. Re4 axb3 31. axb3 Ra8 32. R4e3 Ra2 33. Ne4 Rb2 34. Rf1 Kf7 35. g3 Rxf1+ 36. Kxf1 Ke7 37. g4 b5 38. Ng3 Bf8 39. Nf5+ Kd7 40. Rf3 bxc4 41. bxc4 Rc2 42. Ne3 Rc3 43. Ke2 Be7 44. Kd2 Ra3 45. Rf7 Ke8 46. Rh7 Ra2+ 47. Kd3 Ra3+ 48. Ke4 Ra6 49. Rxh6 c6 50. dxc6 Rxc6 51. Rh8+ Kd7 52. Rh7 Rc8 53. Nd5 Re8 54. Nf6+ Kd8 55. Nxe8 Kxe8 56. Kf5 e4 57. Kxe4 Kf8 58. Kf5 1-0


[Site "https://www.chess.com"]

[Event "Titled Tuesday Blitz April 11 Early 2023"]
[White "Qashashvili, Alexandre"]
[Black "Gogolev, Artem"]
[WhiteFideId "13600842"]
[BlackFideId "4116615"]
[WhiteElo "2405"]
[BlackElo "2182"]
[Result "0-1"]
[Round "06"]
[TimeControl "180+2"]
[Date "2023.04.11"]
[WhiteClock "0:00:09"]
[BlackClock "0:00:21"]

1. e4 c5 2. Nc3 Nf6 3. Nf3 d5 4. exd5 Nxd5 5. Nxd5 Qxd5 6. d3 Nc6 7. Be2 g6 8. O-O Bg7 9. c3 O-O 10. Be3 Bf5 11. d4 cxd4 12. Nxd4 Nxd4 13. Bxd4 Bxd4 14. Qxd4 Qxd4 15. cxd4 Rfd8 16. Rfd1 Rac8 17. Bf3 Rc2 18. Bxb7 Rb8 19. Bf3 Rbxb2 20. d5 Rxf2 21. a4 a5 22. d6 exd6 23. Rxd6 Ra2 24. Rxa2 Rxa2 25. Bc6 Kg7 26. h3 h5 27. Rd4 Be6 28. Re4 Kf6 29. Rf4+ Ke5 30. Rh4 Kd6 31. Bb5 Bd5 32. g4 Rg2+ 33. Kf1 hxg4 34. hxg4 Rb2 35. Rh8 Ke5 36. Rc8 Rb4 37. Bd7 Kd6 38. Be8 Rxg4 39. Rd8+ Ke5 40. Rd7 Rf4+ 41. Kg1 Bc6 42. Rd8 Bxe8 43. Rxe8+ Kf6 44. Ra8 Rxa4 45. Kf2 Kg5 46. Kf3 f5 47. Ra6 Ra3+ 48. Kf2 f4 49. Ke2 Kf5 50. Kf2 g5 51. Kf1 Kg4 52. Rxa5 Rxa5 53. Kg2 Ra2+ 54. Kh1 Kg3 55. Kg1 Ra1# 0-1


[Site "https://www.chess.com"]

[Event "Titled Tuesday Blitz April 11 Early 2023"]
[White "Shapiro, Viktor"]
[Black "Makhmudov, Shukhrat"]
[WhiteFideId "4175700"]
[BlackFideId "14200775"]
[WhiteElo "2152"]
[BlackElo "2135"]
[Result "1-0"]
[Round "06"]
[TimeControl "180+2"]
[Date "2023.04.11"]
[WhiteClock "0:00:09"]
[BlackClock "0:00:17"]

1. c4 Nf6 2. Nc3 c5 3. g3 Nc6 4. Bg2 e6 5. Nf3 Be7 6. O-O O-O 7. d3 d5 8. a3 d4 9. Na4 e5 10. Bg5 Nd7 11. Bxe7 Qxe7 12. Rb1 Re8 13. Nd2 Nf6 14. h3 h6 15. b4 cxb4 16. axb4 Nxb4 17. Qb3 a5 18. Nb6 Ra6 19. Nxc8 Rxc8 20. Qa3 Qc7 21. Rfc1 Nd7 22. Nb3 b6 23. Nd2 Ra7 24. Ne4 Nc5 25. Nxc5 Qxc5 26. Rb3 Re7 27. Rcb1 f5 28. Qb2 e4 29. Qc1 e3 30. f4 g5 31. fxg5 hxg5 32. Qe1 Kg7 33. Rxb4 axb4 34. Rxb4 Ra7 35. Rb5 Qf8 36. Rxb6 Rb8 37. Qb1 Rxb6 38. Qxb6 Ra1+ 39. Kh2 Qf6 40. Qc7+ Kh6 41. c5 f4 42. g4 Re1 43. Bf3 Rf1 44. Qb7 Rc1 45. Be4 Qg6 46. Bxg6 Kxg6 47. Qe4+ Kf6 48. Qxd4+ Ke6 49. Qd6+ Kf7 50. Qd5+ Kg6 51. Qf5+ Kh6 52. Qf6+ Kh7 53. Qxg5 Rf1 54. Qf5+ Kh6 55. g5+ Kh5 56. Qg4+ Kg6 57. h4 Rf2+ 58. Kg1 Kg7 59. h5 f3 60. Qxf3 Rxf3 61. exf3 1-0


[Site "https://www.chess.com"]

[Event "Titled Tuesday Blitz April 11 Early 2023"]
[White "Prudnykova, Olga"]
[Black "Nguyen, Hong Anh"]
[WhiteFideId "14121093"]
[BlackFideId "12406732"]
[WhiteElo "2113"]
[BlackElo "2054"]
[Result "0-1"]
[Round "06"]
[TimeControl "180+2"]
[Date "2023.04.11"]
[WhiteClock "0:00:10"]
[BlackClock "0:00:12"]

1. e4 c5 2. Nf3 Nc6 3. Nc3 g6 4. d4 cxd4 5. Nxd4 Bg7 6. Nb3 Nf6 7. Be2 O-O 8. O-O d6 9. Re1 Be6 10. Bf1 a6 11. Nd5 b5 12. c3 Rc8 13. a3 Ne5 14. Bg5 Bxd5 15. exd5 Qd7 16. Rb1 Qf5 17. Bh4 Nc4 18. Bg3 Nxd5 19. Bd3 Qg5 20. h4 Nxb2 21. hxg5 Nxd1 22. Rbxd1 Nxc3 23. Rc1 Nd5 24. Be4 Nc3 25. Bf3 Rc7 26. Nd2 Rfc8 27. Kh2 a5 28. Ne4 b4 29. axb4 axb4 30. Nd2 Kf8 31. Nb3 h6 32. Bf4 hxg5 33. Bxg5 Be5+ 34. g3 f6 35. Bh6+ Kf7 36. Be3 e6 37. Kg2 d5 38. Nd2 d4 39. Bf4 Bxf4 40. gxf4 Nd5 41. Nb3 Nxf4+ 42. Kg3 Nd3 43. Rxc7+ Rxc7 44. Rd1 Ne5 45. Rxd4 Nxf3 46. Kxf3 Rc3+ 47. Ke2 Rxb3 48. Rd7+ Ke8 0-1


[Site "https://www.chess.com"]

[Event "Titled Tuesday Blitz April 11 Early 2023"]
[White "Rom, Jasper"]
[Black "Skaric, Djuro"]
[WhiteFideId "2023733"]
[BlackFideId "934569"]
[WhiteElo "2233"]
[BlackElo "2282"]
[Result "1-0"]
[Round "06"]
[TimeControl "180+2"]
[Date "2023.04.11"]
[WhiteClock "0:00:16"]
[BlackClock "0:00:47"]

1. e4 d6 2. d4 g6 3. Nc3 Bg7 4. Nf3 Nf6 5. Be2 O-O 6. O-O Nc6 7. h3 h6 8. Be3 e5 9. Qd2 Kh7 10. Rad1 Nd7 11. d5 Ne7 12. Nh2 f5 13. f4 exf4 14. Bxf4 g5 15. Be3 f4 16. Bd4 Ne5 17. Nf3 N7g6 18. Nh2 a6 19. a4 Qe8 20. Bh5 Qe7 21. Nf3 Bd7 22. Rde1 Be8 23. a5 Nh4 24. Nxh4 Bxh5 25. Nf5 Qf6 26. Nxg7 Qxg7 27. Nd1 Rae8 28. Nf2 Qd7 29. Bxe5 dxe5 30. c4 Rf7 31. c5 Rg7 32. Qb4 g4 33. hxg4 Bxg4 34. Nxg4 Qxg4 35. Rf2 Reg8 36. Qc3 f3 37. Qxe5 Qh3 38. Qf5+ Qxf5 39. exf5 Rxg2+ 40. Rxg2 Rxg2+ 41. Kf1 Rxb2 42. Re7+ Kg8 43. Rxc7 h5 44. d6 Kf8 45. Rc8+ Kf7 46. d7 Rb1+ 47. Kf2 Rb2+ 48. Kxf3 Rb3+ 49. Kf4 1-0


[Site "https://www.chess.com"]